TOP OF THE 1ST |
California Golden Bears batting - Pitching for Baylor Bears : RHP Jeff Jones
|
Pitching: RHP Jeff Jones
|
|
Batting: LHB Noah Gillespie
|
0-0: Swinging Strike 0-1: Ball 1-1: Ground out 1-3 (Groundball, 13)
|
Batting: RHB Júlio López
|
0-0: Bunt missed! 0-1: SINGLE (Groundball, 5)
|
Batting: SHB Chris Woods
|
0-0: Called Strike Júlio López is caught stealing 2nd base 0-1: Ball 1-1: Ground out 4-3 (Groundball, 4)
|
Top of the 1st over - 0 run(s), 1 hit(s), 0 error(s), 0 left on base; California 0 - Baylor 0 |
BOTTOM OF THE 1ST |
Baylor Bears batting - Pitching for California Golden Bears : RHP Wilson Yoxall
|
Pitching: RHP Wilson Yoxall
|
|
Batting: RHB John Krueger
|
0-0: Ball 1-0: Ball 2-0: Ball 3-0: Base on Balls
|
Batting: RHB Guy Morrison
|
0-0: Ball 1-0: Reached on error, E6 (Groundball, 6) John Krueger to second
|
Batting: LHB David Taylor
|
0-0: Foul Ball, location: 2F 0-1: Called Strike 0-2: Fly out, F6 (Popup, 6)
|
Batting: LHB John White
|
0-0: Grounds into double play, 4-6-3 (Groundball, 4)
|
Bottom of the 1st over - 0 run(s), 0 hit(s), 1 error(s), 1 left on base; California 0 - Baylor 0 |
TOP OF THE 2ND |
California Golden Bears batting - Pitching for Baylor Bears : RHP Jeff Jones
|
Batting: LHB Sergio Fernández
|
0-0: Ball 1-0: Called Strike 1-1: SOLO HOME RUN (Line Drive, 9D), Distance : 350 ft
|
Batting: RHB Phil Garne
|
0-0: Ball 1-0: Called Strike 1-1: Swinging Strike 1-2: Strikes out swinging
|
Batting: RHB Marv Shepard
|
0-0: Ball 1-0: SINGLE (Groundball, 5L)
|
Batting: RHB Richard Stroud
|
0-0: Called Strike 0-1: Foul Ball, location: 2F 0-2: Grounds into double play, 4-6-3 (Groundball, 4)
|
Top of the 2nd over - 1 run(s), 2 hit(s), 0 error(s), 0 left on base; California 1 - Baylor 0 |
BOTTOM OF THE 2ND |
Baylor Bears batting - Pitching for California Golden Bears : RHP Wilson Yoxall
|
Batting: RHB Doyle Hall
|
0-0: Foul Ball, location: 2F 0-1: Ball 1-1: Foul Ball, location: 2F 1-2: Ball 2-2: Foul Ball, location: 2F 2-2: Strikes out swinging
|
Batting: LHB Jorge Gabaldón
|
0-0: Foul Ball, location: 2F 0-1: Ball 1-1: Ball 2-1: Called Strike 2-2: Fly out, F7 (Flyball, 7LSF)
|
Batting: RHB José Romo
|
0-0: Ball 1-0: Swinging Strike 1-1: Foul Ball, location: 2F 1-2: Strikes out swinging
|
Bottom of the 2nd over - 0 run(s), 0 hit(s), 0 error(s), 0 left on base; California 1 - Baylor 0 |
TOP OF THE 3RD |
California Golden Bears batting - Pitching for Baylor Bears : RHP Jeff Jones
|
Batting: RHB Robin Dobson
|
0-0: Swinging Strike 0-1: Called Strike 0-2: Ball 1-2: Foul Ball, location: 2F 1-2: Ball 2-2: Foul Ball, location: 2F 2-2: Ball 3-2: Strikes out looking
|
Batting: SHB Jeff McGill
|
0-0: Fly out, F7 (Popup, 56D)
|
Batting: LHB Noah Gillespie
|
0-0: Ball 1-0: Foul Ball, location: 2F 1-1: Swinging Strike 1-2: Ground out 5-3 (Groundball, 15S)
|
Top of the 3rd over - 0 run(s), 0 hit(s), 0 error(s), 0 left on base; California 1 - Baylor 0 |
BOTTOM OF THE 3RD |
Baylor Bears batting - Pitching for California Golden Bears : RHP Wilson Yoxall
|
Batting: RHB Hugh Rankin
|
0-0: Ball 1-0: Foul Ball, location: 2F 1-1: Foul Ball, location: 2F 1-2: Strikes out swinging
|
Batting: RHB Bill Ward
|
0-0: Ball 1-0: Ball 2-0: Called Strike 2-1: Ball 3-1: Swinging Strike 3-2: Foul Ball, location: 2F 3-2: Ground out 5-3 (Groundball, 6S)
|
Batting: RHB John Krueger
|
0-0: Called Strike 0-1: Foul Ball, location: 2F 0-2: Ball 1-2: Fly out, F8 (Flyball, 8LM)
|
Bottom of the 3rd over - 0 run(s), 0 hit(s), 0 error(s), 0 left on base; California 1 - Baylor 0 |
TOP OF THE 4TH |
California Golden Bears batting - Pitching for Baylor Bears : RHP Jeff Jones
|
Batting: RHB Júlio López
|
0-0: Fly out, F8 (Flyball, 8LM)
|
Batting: SHB Chris Woods
|
0-0: Called Strike 0-1: Foul Ball, location: 2F 0-2: Ball 1-2: Foul Ball, location: 2F 1-2: Fly out, F5 (Popup, 5DF)
|
Batting: LHB Sergio Fernández
|
0-0: Ball 1-0: Foul Ball, location: 2F 1-1: Foul Ball, location: 2F 1-2: Ball 2-2: Foul Ball, location: 2F 2-2: Ball 3-2: Ground out 4-3 (Groundball, 34)
|
Top of the 4th over - 0 run(s), 0 hit(s), 0 error(s), 0 left on base; California 1 - Baylor 0 |
BOTTOM OF THE 4TH |
Baylor Bears batting - Pitching for California Golden Bears : RHP Wilson Yoxall
|
Batting: RHB Guy Morrison
|
0-0: Ball 1-0: Fly out, F7 (Flyball, 7M)
|
Batting: LHB David Taylor
|
0-0: Ground out 3-1 (Groundball, 34)
|
Batting: LHB John White
|
0-0: Ball 1-0: Ball 2-0: Called Strike 2-1: Ground out 4-3 (Groundball, 4)
|
Bottom of the 4th over - 0 run(s), 0 hit(s), 0 error(s), 0 left on base; California 1 - Baylor 0 |
TOP OF THE 5TH |
California Golden Bears batting - Pitching for Baylor Bears : RHP Jeff Jones
|
Batting: RHB Phil Garne
|
0-0: Ball 1-0: Ball 2-0: Called Strike 2-1: Ball 3-1: Base on Balls
|
Batting: RHB Marv Shepard
|
0-0: DOUBLE (Flyball, 89M) Phil Garne to third
|
Batting: RHB Richard Stroud
|
0-0: Called Strike 0-1: Ball 1-1: Foul Ball, location: 2F 1-2: SINGLE (Groundball, 6M) Phil Garne scores Marv Shepard to third Runner from 3rd tries for Home, SAFE, throw made home
|
Batting: RHB Robin Dobson
|
0-0: Called Strike 0-1: Ball 1-1: Swinging Strike 1-2: Ball 2-2: Strikes out swinging
|
Batting: SHB Jeff McGill
|
0-0: Foul Ball, location: 2F 0-1: Foul Ball, location: 2F 0-2: Ball 1-2: Foul Ball, location: 2F 1-2: Fly out, F8 (Flyball, 8LM)
|
Batting: LHB Noah Gillespie
|
0-0: Swinging Strike 0-1: Ball 1-1: Swinging Strike 1-2: Foul Ball, location: 2F 1-2: Ball 2-2: Strikes out looking
|
Top of the 5th over - 2 run(s), 2 hit(s), 0 error(s), 1 left on base; California 3 - Baylor 0 |
BOTTOM OF THE 5TH |
Baylor Bears batting - Pitching for California Golden Bears : RHP Wilson Yoxall
|
Batting: RHB Doyle Hall
|
0-0: Called Strike 0-1: Called Strike 0-2: Ball 1-2: Ball 2-2: Fly out, F7 (Flyball, 78M)
|
Batting: LHB Jorge Gabaldón
|
0-0: Foul Ball, location: 2F 0-1: Ball 1-1: Foul Ball, location: 2F 1-2: Ball 2-2: Ball 3-2: SINGLE (Line Drive, 8RS)
|
Batting: RHB José Romo
|
0-0: Ball 1-0: Fly out, F3 (Popup, 3SF)
|
Batting: RHB Hugh Rankin
|
0-0: Ball 1-0: Ball 2-0: Ball 3-0: Base on Balls Jorge Gabaldón to second
|
Batting: RHB Bill Ward
|
0-0: Fly out, F7 (Flyball, 78M)
|
Bottom of the 5th over - 0 run(s), 1 hit(s), 0 error(s), 2 left on base; California 3 - Baylor 0 |
TOP OF THE 6TH |
California Golden Bears batting - Pitching for Baylor Bears : RHP Jeff Jones
|
Batting: RHB Júlio López
|
0-0: Ball 1-0: Foul Ball, location: 2F 1-1: Fly out, F9 (Flyball, 89M)
|
Batting: SHB Chris Woods
|
0-0: Foul Ball, location: 2F 0-1: Ball 1-1: Foul Ball, location: 2F 1-2: Ball 2-2: Foul Ball, location: 2F 2-2: SINGLE (Groundball, 34)
|
Pitching: LHP Joe Phillips
|
|
Batting: LHB Sergio Fernández
|
0-0: Swinging Strike 0-1: Ball 1-1: Fly out, F9 (Flyball, 89S)
|
Batting: RHB Phil Garne
|
0-0: Ball 1-0: Ball 2-0: Ball 3-0: Called Strike 3-1: Ground out U3 (Groundball, 3L)
|
Top of the 6th over - 0 run(s), 1 hit(s), 0 error(s), 1 left on base; California 3 - Baylor 0 |
BOTTOM OF THE 6TH |
Baylor Bears batting - Pitching for California Golden Bears : RHP Wilson Yoxall
|
Batting: RHB John Krueger
|
0-0: Foul Ball, location: 2F 0-1: Ball 1-1: Swinging Strike 1-2: Fly out, F8 (Flyball, 8RM)
|
Batting: RHB Guy Morrison
|
0-0: Ball 1-0: Ball 2-0: SINGLE (Line Drive, 6MD)
|
Batting: LHB David Taylor
|
0-0: Called Strike 0-1: Ground out 3-1 (Groundball, 34) Guy Morrison to second
|
Batting: LHB John White
|
0-0: Fly out, F8 (Line Drive, 8LM)
|
Bottom of the 6th over - 0 run(s), 1 hit(s), 0 error(s), 1 left on base; California 3 - Baylor 0 |
TOP OF THE 7TH |
California Golden Bears batting - Pitching for Baylor Bears : LHP Joe Phillips
|
Batting: RHB Marv Shepard
|
0-0: Called Strike 0-1: Ground out 4-3 (Groundball, 34)
|
Batting: RHB Richard Stroud
|
0-0: DOUBLE (Line Drive, 8LM)
|
Batting: RHB Robin Dobson
|
0-0: Intentional Walk
|
Batting: SHB Jeff McGill
|
0-0: Swinging Strike 0-1: Ball 1-1: Swinging Strike 1-2: Ball 2-2: Strikes out looking
|
Batting: LHB Noah Gillespie
|
0-0: Ball 1-0: Foul Ball, location: 2F 1-1: Swinging Strike 1-2: Strikes out swinging
|
Top of the 7th over - 0 run(s), 1 hit(s), 0 error(s), 2 left on base; California 3 - Baylor 0 |
BOTTOM OF THE 7TH |
Baylor Bears batting - Pitching for California Golden Bears : RHP Wilson Yoxall
|
Batting: RHB Doyle Hall
|
0-0: Ball 1-0: Called Strike 1-1: Ball 2-1: Ball 3-1: SINGLE (Groundball, 5D)
|
Pitching: RHP Aurelio Vásquez
|
|
Batting: LHB Jorge Gabaldón
|
0-0: Ball 1-0: Called Strike 1-1: Ball 2-1: Grounds into double play, U6-3 (Groundball, 6)
|
Batting: RHB José Romo
|
0-0: Swinging Strike 0-1: Ball 1-1: Called Strike 1-2: Strikes out looking
|
Bottom of the 7th over - 0 run(s), 1 hit(s), 0 error(s), 0 left on base; California 3 - Baylor 0 |
TOP OF THE 8TH |
California Golden Bears batting - Pitching for Baylor Bears : LHP Joe Phillips
|
Batting: RHB Júlio López
|
0-0: Called Strike 0-1: Ball 1-1: Foul Ball, location: 2F 1-2: Strikes out swinging
|
Pitching: RHP Steve Parsons
|
|
Batting: SHB Chris Woods
|
0-0: Foul Ball, location: 2F 0-1: Foul Ball, location: 2F 0-2: Foul Ball, location: 2F 0-2: Foul Ball, location: 2F 0-2: SOLO HOME RUN (Flyball, 89XD), Distance : 362 ft
|
Batting: LHB Sergio Fernández
|
0-0: Ball 1-0: Ball 2-0: Ball 3-0: Called Strike 3-1: Swinging Strike 3-2: Foul Ball, location: 2F 3-2: Base on Balls
|
Batting: RHB Phil Garne
|
0-0: Ball 1-0: Foul Ball, location: 2F 1-1: Ball 2-1: Called Strike 2-2: Strikes out swinging
|
Batting: RHB Marv Shepard
|
0-0: Ball 1-0: Foul Ball, location: 2F 1-1: Swinging Strike 1-2: Ball 2-2: Foul Ball, location: 2F 2-2: Ball 3-2: Base on Balls Sergio Fernández to second
|
Batting: RHB Richard Stroud
|
0-0: Called Strike 0-1: Foul Ball, location: 2F 0-2: Foul Ball, location: 2F 0-2: Ball 1-2: Strikes out swinging
|
Top of the 8th over - 1 run(s), 1 hit(s), 0 error(s), 2 left on base; California 4 - Baylor 0 |
BOTTOM OF THE 8TH |
Baylor Bears batting - Pitching for California Golden Bears : RHP Aurelio Vásquez
|
Batting: RHB Hugh Rankin
|
0-0: Swinging Strike 0-1: Ball 1-1: Ball 2-1: Foul Ball, location: 2F 2-2: Strikes out swinging
|
Batting: RHB Bill Ward
|
0-0: Ball 1-0: Fly out, F7 (Flyball, 7M)
|
Batting: RHB John Krueger
|
0-0: Fly out, F7 (Line Drive, 7M)
|
Bottom of the 8th over - 0 run(s), 0 hit(s), 0 error(s), 0 left on base; California 4 - Baylor 0 |
TOP OF THE 9TH |
California Golden Bears batting - Pitching for Baylor Bears : RHP Steve Parsons
|
Batting: RHB Robin Dobson
|
0-0: Ball 1-0: Called Strike 1-1: Fly out, F9 (Flyball, 89S)
|
Batting: SHB Jeff McGill
|
0-0: Ball 1-0: Ball 2-0: SINGLE (Groundball, 56D)
|
Batting: LHB Noah Gillespie
|
0-0: Ball 1-0: Ball Jeff McGill steals 2nd base 2-0: Called Strike 2-1: Ball 3-1: Base on Balls
|
Batting: RHB Júlio López
|
0-0: Ball 1-0: Ball 2-0: Called Strike 2-1: Foul Ball, location: 2F 2-2: Foul Ball, location: 2F 2-2: Fly out, F8 (Flyball, 8LM)
|
Pitching: RHP Dave Thompson
|
|
Batting: SHB Chris Woods
|
0-0: Ball 1-0: Ball 2-0: Foul Ball, location: 2F 2-1: Swinging Strike 2-2: Ball 3-2: Strikes out swinging
|
Top of the 9th over - 0 run(s), 1 hit(s), 0 error(s), 2 left on base; California 4 - Baylor 0 |
BOTTOM OF THE 9TH |
Baylor Bears batting - Pitching for California Golden Bears : RHP Aurelio Vásquez
|
Batting: RHB Guy Morrison
|
0-0: Called Strike 0-1: Ball 1-1: Ball 2-1: SINGLE (Line Drive, 6MD)
|
Batting: LHB David Taylor
|
0-0: Called Strike 0-1: Fly out, F8 (Flyball, 8LS)
|
Batting: LHB John White
|
0-0: 2-RUN HOME RUN (Flyball, 9D), Distance : 348 ft
|
Pitching: RHP Ricardo Martínez
|
|
Batting: RHB Doyle Hall
|
0-0: Ball 1-0: Ball 2-0: Foul Ball, location: 2F 2-1: SOLO HOME RUN (Flyball, 7LD), Distance : 322 ft
|
Batting: LHB Jorge Gabaldón
|
0-0: Ball 1-0: Swinging Strike 1-1: Foul Ball, location: 2F 1-2: Ball 2-2: Strikes out swinging
|
Pinch Hitting: LHB Brian Richardson
|
0-0: Ball 1-0: Fly out, F7 (Flyball, 7M)
|
Bottom of the 9th over - 3 run(s), 3 hit(s), 0 error(s), 0 left on base; California 4 - Baylor 3 |
|